 Dungeon Crawl Stone Soup version 0.29-a0-561-ga02bf68b3c (webtiles) character file.

Game seed: 5505741886398028990

11090 Querens the Blocker (level 12, -5/107 HPs)
             Began as a Formicid Fighter on June 11, 2022.
             Was a Believer of Okawaru.
             Constricted to death by Jorgrun (12 damage)
             ... on level 2 of the Orcish Mines.
             The game lasted 00:29:58 (8189 turns).

Querens the Blocker (Formicid Fighter)              Turns: 8189, Time: 00:29:59

Health: -5/107     AC: 20    Str: 27    XL:     12   Next: 3%
Magic:  0/14       EV:  7    Int:  7    God:    Okawaru [**....]
Gold:   633        SH: 13    Dex: 10    Spells: 11/11 levels left

rFire   + . .      SeeInvis +   p - +4 battleaxe
rCold   . . .      Faith    .   A - +0 kite shield
rNeg    + . .      Spirit   +   a - +2 chain mail {rF+}
rPois   .          Reflect  .   (helmet unavailable)
rElec   .          Harm     .   v - +0 cloak
rCorr   .          Rampage  .   (no gloves)
Will    +....                   B - +0 pair of boots
Stlth   ..........              e - amulet of guardian spirit
HPRegen 0.27/turn               o - ring of positive energy
MPRegen 0.14/turn               (no ring)

@: heroic, grasped by roots, constricted
A: permanent stasis, dig shafts and tunnels, antennae 3, four strong arms,
robust 1, shaggy fur 1
a: Dig, Shaft Self, Renounce Religion, Heroism


You were on level 2 of the Orcish Mines.
You worshipped Okawaru.
Okawaru was pleased with you.
You visited 3 branches of the dungeon, and saw 13 of its levels.

You collected 897 gold pieces.
You spent 264 gold pieces at shops.

Inventory:

Hand Weapons
 p - a +4 battleaxe (weapon)
Missiles
 x - 7 curare-tipped darts
Armour
 a - a +2 chain mail of fire resistance (worn)
 v - a +0 cloak (worn)
 A - a +0 kite shield (worn)
 B - a +0 pair of boots (worn)
Jewellery
 e - an amulet of guardian spirit (around neck)
 o - a ring of positive energy (left hand)
Wands
 b - a wand of flame (16)
 c - a wand of acid (7)
 t - a wand of iceblast (4)
Scrolls
 g - 4 scrolls of fog
 h - 4 scrolls of teleportation
 i - a scroll of identify
 j - 3 scrolls of poison
 m - 4 scrolls of amnesia
 n - 3 scrolls of blinking
 r - 2 scrolls of magic mapping
 w - a scroll of fear
 y - a scroll of summoning
 z - 2 scrolls of enchant weapon
Potions
 d - 2 potions of might
 f - 4 potions of brilliance
 k - 4 potions of mutation
 l - 2 potions of curing
 q - 4 potions of attraction
 s - 3 potions of magic
 u - 3 potions of haste {unknown}
 C - a potion of cancellation {unknown}


   Skills:
 + Level 10.5(15.5) Fighting
 + Level 9.3(14.3) Axes
 + Level 10.5(15.5) Armour
 + Level 12.3(17.3) Shields
 + Level 3.3 Invocations


You had 11 spell levels left.
You didn't know any spells.
Your spell library contained the following spells:

 Spells                   Type           Power      Damage    Failure   Level
 Sublimation of Blood     Necr           0%         N/A       98%         2
 Gell's Gravitas          Tloc           0%         N/A       100%        3
 Lesser Beckoning         Tloc           0%         N/A       100%        3
 Ozocubu's Armour         Ice            0%         N/A       100%        3
 Teleport Other           Tloc           0%         N/A       100%        3
 Airstrike                Air            0%         N/A       100%        4
 Petrify                  Tmut/Erth      0%         N/A       100%        4
 Alistair's Intoxication  Tmut/Pois      0%         N/A       100%        5
 Borgnjor's Vile Clutch   Necr/Erth      0%         N/A       100%        5
 Irradiate                Conj/Tmut      0%         3d13      100%        5
 Lightning Bolt           Conj/Air       0%         1d11      100%        5
 Eringya's Noxious Bog    Tmut/Pois      0%         N/A       100%        6
 Ozocubu's Refrigeration  Ice            0%         4d5       100%        7
 Summon Lightning Spire   Summ/Air       Unusable   N/A       N/A         4

Dungeon Overview and Level Annotations

Branches:
Dungeon (10/15)            Temple (1/1) D:4            Lair (0/6) D:9
    Orc (2/2) D:10            Elf (0/3) Orc:2

Altars:
Ashenzari
Cheibriados
Dithmenos
Elyvilon
Fedhas
Gozag
Hepliaklqana
Kikubaaqudgha
Makhleb
Nemelex Xobeh
Okawaru
Qazlal
Ru
Sif Muna
Trog
Uskayaw
Vehumet
Wu Jian
Xom
Yredelemnul
Zin
The Shining One

Shops:
D:2 !:   D:3 *

Annotations:
D:9 3 runed translucent doors, Ge0ff's ghost, novice GrMo
Orc:2 Jorgrun


Innate Abilities, Weirdness & Mutations

You cannot be hasted, slowed, berserked, paralysed or teleported.
You can dig through walls and to a lower floor.
You have a pair of large antennae on your head. (SInv)
Your four strong arms can wield two-handed weapons with a shield.
You are robust. (+10% HP)
You are covered in fur. (AC +1)


Message History

You slice the ogre!!
You kill the ogre!
Okawaru accepts your kill. Jorgrun gestures at you while chanting.
You resist with significant effort.
You hit Jorgrun.
Jorgrun is moderately wounded.
Jorgrun casts a spell at you. The iron shot hits you!
You miss Jorgrun.
Jorgrun is moderately wounded.
Jorgrun barely misses you.
You miss Jorgrun.
Jorgrun is moderately wounded.
Jorgrun hits you with a +0 vorpal quarterstaff.
You miss Jorgrun.
Jorgrun is moderately wounded.
Jorgrun hits you with a +0 vorpal quarterstaff!
* * * LOW HITPOINT WARNING * * *
x2 You slice Jorgrun!!
Jorgrun is heavily wounded.
Jorgrun gestures at you while chanting.
Roots burst forth from the earth!
The grasping roots grab you! The grasping roots constrict you.
You closely miss Jorgrun.
Jorgrun is heavily wounded.
Jorgrun casts a spell at you. You block the iron shot.
The grasping roots constrict you!
* * * LOW HITPOINT WARNING * * *
You closely miss Jorgrun.
Jorgrun is heavily wounded.
Jorgrun hits you with a +0 vorpal quarterstaff!
* * * LOW HITPOINT WARNING * * *
x2 The grasping roots constrict you.
* * * LOW HITPOINT WARNING * * *
You feel better. Jorgrun gestures at you while chanting.
You resist with significant effort. The grasping roots constrict you!
You die...

##... ####...####
####
##.......#.##...##
#......<.......>.#
...........#....#
#..............#
........#.....#.#
........##....#..##
.......####@).$...#
......# #.g.......
...... #........#
..... ..........
....$...#.#
.......### #
......#.#
.......#.#


You could see Jorgrun.

Vanquished Creatures
  A two-headed ogre (D:10)
  Sonja (Orc:1)
  Pikel (D:9)
  An orc sorcerer (Orc:1)
  An elephant (D:9)
  A gargoyle (D:10)
  An unseen horror (D:10)
  2 trolls (Orc:1)
  Grinder (D:5)
  A hornet (D:8)
  5 yaks
  A wraith (D:10)
  A basilisk (D:9)
  3 wyverns (D:9)
  A steam dragon (D:8)
  A warg (Orc:1)
  Menkaure (D:7)
  An acid dragon (D:8)
  4 water moccasins
  12 orc warriors
  2 sky beasts (D:7)
  3 ogres
  2 black bears
  5 centaurs
  2 lemures (D:9)
  5 kobold brigands
  3 bullfrogs
  A gnoll sergeant (D:9)
  A necrophage (D:7)
  10 wights
  7 killer bees (D:8)
  4 howler monkeys
  A jelly (D:7)
  3 hounds
  16 orc priests
  17 orc wizards
  An iguana (D:5)
  Robin (D:3)
  3 gnolls (D:9)
  11 adders
  2 white imps
  2 ufetubi
  2 worms
  5 dart slugs
  48 orcs
  7 ball pythons
  7 bats
  2 endoplasms
  5 giant cockroaches
  14 goblins
  16 hobgoblins
  2 jackals (D:5)
  31 kobolds
  5 quokkas
  6 frilled lizards
  5 rats
298 creatures vanquished.

Vanquished Creatures (others)
  An orc (D:8)
1 creature vanquished.

Grand Total: 299 creatures vanquished

Notes
Turn   | Place    | Note
-------+----------+-------------------------------------------
     0 | D:1      | Querens the Formicid Fighter began the quest for the Orb.
     0 | D:1      | Reached XP level 1. HP: 18/18 MP: 1/1
   183 | D:1      | Reached XP level 2. HP: 16/24 MP: 2/2
   387 | D:1      | Reached XP level 3. HP: 12/29 MP: 3/3
   508 | D:2      | Found Beeklu's Distillery.
   533 | D:2      | Bought a potion of degeneration for 12 gold pieces
   549 | D:2      | Reached XP level 4. HP: 31/37 MP: 4/4
   635 | D:2      | Found Cireh's Book Emporium.
   665 | D:2      | Found a faded altar of an unknown god.
   819 | D:2      | Found a glowing silver altar of Zin.
   937 | D:2      | Reached XP level 5. HP: 35/42 MP: 3/5
   995 | D:2      | Reached skill level 5 in Shields
  1373 | D:3      | Found a shadowy altar of Dithmenos.
  1396 | D:3      | Identified the +0 helmet of Koly {Rampage rF+ rN+ Will++}
  1396 | D:3      | Noticed Robin
  1428 | D:2      | HP: 2/42 [poisoned by an adder]
  1429 | D:2      | Gained mutation: You are covered in fur. (AC +1) [potion of
                  | mutation]
  1429 | D:2      | Gained mutation: You are robust. (+10% HP) [potion of
                  | mutation]
  1677 | D:3      | Reached XP level 6. HP: 11/53 MP: 3/6
  2065 | D:3      | Found a glowing silver altar of Zin.
  2093 | D:3      | Killed Robin
  2168 | D:3      | Found Gozag's Platinum Reserve.
  2169 | D:3      | Found an opulent altar of Gozag.
  2459 | D:4      | Found a staircase to the Ecumenical Temple.
  2468 | Temple   | Entered the Ecumenical Temple
  2983 | D:5      | Entered Level 5 of the Dungeon
  3183 | D:5      | Reached XP level 7. HP: 35/60 MP: 5/7
  3216 | D:5      | Noticed Grinder
  3227 | D:5      | Killed Grinder
  3228 | D:5      | Reached skill level 5 in Fighting
  3228 | D:5      | Reached skill level 5 in Armour
  3228 | D:5      | Reached skill level 6 in Shields
  3588 | D:6      | Noticed a yak
  3588 | D:6      | Noticed a yak
  3589 | D:6      | Noticed a yak
  3610 | D:5      | Killed a yak
  3611 | D:5      | Reached XP level 8. HP: 36/70 MP: 5/8
  3698 | D:6      | Identified the +6 spear of Chaos {drain, rElec rF+ Str+4
                  | Dex-2}
  3731 | D:6      | Reached skill level 7 in Shields
  3748 | D:6      | Reached skill level 5 in Axes
  3936 | D:6      | Noticed a yak
  4047 | D:2      | Bought a potion of heal wounds for 60 gold pieces
  4047 | D:2      | Bought a potion of attraction for 36 gold pieces
  4047 | D:2      | Bought a potion of heal wounds for 60 gold pieces
  4047 | D:2      | Bought a potion of magic for 96 gold pieces
  4134 | D:6      | Reached XP level 9. HP: 67/78 MP: 6/9
  4185 | D:6      | Found a stormy altar of Qazlal.
  4210 | D:6      | Reached skill level 8 in Shields
  4216 | D:6      | Found a faded altar of an unknown god.
  4606 | D:7      | Reached skill level 9 in Shields
  4775 | D:7      | Noticed Menkaure
  4786 | D:7      | Killed Menkaure
  4946 | D:7      | Reached XP level 10. HP: 66/88 MP: 8/10
  5346 | D:8      | Reached skill level 10 in Shields
  5402 | D:8      | Found an ancient bone altar of Kikubaaqudgha.
  5514 | D:8      | Found a bloodstained altar of Trog.
  5818 | D:9      | Noticed an elephant
  5843 | D:9      | Killed an elephant
  5907 | D:9      | Found a staircase to the Lair.
  5988 | D:9      | Noticed Pikel
  5998 | D:9      | Reached XP level 11. HP: 23/97 MP: 6/11
  6001 | D:9      | Killed Pikel
  6002 | D:9      | Reached skill level 11 in Shields
  6373 | D:9      | Found a runed translucent gate.
  6373 | D:9      | Found a runed translucent gate.
  6373 | D:9      | Found a runed translucent gate.
  6378 | D:9      | Noticed Ge0ff's ghost (novice GrMo)
  6506 | D:10     | Entered Level 10 of the Dungeon
  6702 | D:10     | Reached skill level 10 in Fighting
  6702 | D:10     | Reached skill level 10 in Armour
  6716 | D:10     | Found a staircase to the Orcish Mines.
  6759 | D:10     | Found a burning altar of Makhleb.
  6771 | D:10     | Found a blossoming altar of Fedhas.
  6772 | D:10     | Found a radiant altar of Vehumet.
  6772 | D:10     | Found a sacrificial altar of Ru.
  6773 | D:10     | Found an iron altar of Okawaru.
  6782 | D:10     | Became a worshipper of Warmaster Okawaru
  6902 | D:10     | Noticed a two-headed ogre
  6910 | D:10     | Killed a two-headed ogre
  6911 | D:10     | Reached skill level 1 in Invocations
  7074 | Orc:1    | Entered Level 1 of the Orcish Mines
  7089 | Orc:1    | Reached * piety under Okawaru
  7409 | D:10     | Reached skill level 12 in Shields
  7664 | Orc:1    | Noticed Sonja
  7686 | Orc:1    | Killed Sonja
  7734 | Orc:1    | Reached ** piety under Okawaru
  7840 | Orc:1    | Noticed an orc sorcerer
  7849 | Orc:1    | Killed an orc sorcerer
  7850 | Orc:1    | Reached XP level 12. HP: 21/107 MP: 5/14
  8167 | Orc:2    | Entered Level 2 of the Orcish Mines
  8168 | Orc:2    | Found a staircase to the Elven Halls.
  8170 | Orc:2    | Noticed Jorgrun
  8188 | Orc:2    | HP: 5/107 [Jorgrun/+0 vorpal quarterstaff (13)]
  8188 | Orc:2    | HP: 2/107 [constriction (1)]
  8189 | Orc:2    | Constricted to death by Jorgrun

Illustrated notes

Levels and vault maps discovered:
D:1:      evilmike_arrival_crescent, layout_rooms,
          chequers_serial_rivers_room_b, hangedman_decor_riveting
D:2:      minmay_chambers_of_twos, layout_loops_ring, serial_shops,
          nicolae_shop_statue_plus, shop, basic_ecumenical_altar, serial_rivers,
          chequers_serial_rivers_micro_c, chequers_serial_rivers_micro_a,
          chequers_serial_rivers_large_a, chequers_serial_rivers_room_b,
          chequers_serial_rivers_micro_c, chequers_serial_rivers_micro_e,
          basic_altar
D:3:      layout_basic, nicolae_overflow_crystal_walls,
          mainiacjoe_overflow_small_starburst, nicolae_gozag_zags_fifth_avenue,
          uniq_robin
D:4:      layout_loops_ring, minmay_temple_entry_statues_pillars
D:5:      corexii_shack_village, layout_cave_pods, uniq_grinder
D:6:      layout_cave_pools, mainiacjoe_overflow_alcove_1, serial_column_ruins,
          column_ruins_temple_hut, column_ruins_grid_3, column_ruins_open_tiny,
          column_ruins_columns_straight, column_ruins_corridor_straight,
          column_ruins_columns_straight, column_ruins_open_tiny
D:7:      layout_basic, st_stairs_11, minmay_misc_feat_five,
          minmay_diced_spiral, uniq_menkaure
D:8:      nicolae_BIG_FREAKIN_CUBE, layout_loops_ring,
          nicolae_kikubaaqudgha_miasma_corner, lemuel_coloured_pillars_altar,
          chequers_serial_rivers_micro_a, minmay_between
D:9:      layout_roguey, david_lair_generic, gammafunk_ghost_necromancy,
          uniq_pikel
D:10:     layout_roguey, grunt_temple_overflow_open, david_orc_4
Temple:   minmay_temple_curvy_loop
Orc:1:    layout_caves, uniq_sonja
Orc:2:    st_orc_pillars, layout_diamond_mine, basic_altar, uniq_jorgrun

Skill      XL: |  1  2  3  4  5  6  7  8  9 10 11 |
---------------+----------------------------------+-----
Fighting       | 4 5 6 7 9 10 | 10.5
Armour         | 4 5 6 7 9 10 | 10.5
Axes           | 3 4 5 6 8 9 |  9.3
Shields        | 5 6 7 9 10 12 | 12.3
Invocations    | 3 |  3.3

Action                   |  1- 3 |  4- 6 |  7- 9 | 10-12 || total
-------------------------+-------+-------+-------+-------++-------
Melee: War axe           |    89 |   226 |   114 |       ||   429
       Battleaxe         |       |       |    79 |   304 ||   383
Invok: Heroism           |       |       |       |     6 ||     6
 Abil: Dig               |       |     1 |     1 |       ||     2
Evoke: Wand              |       |     1 |     9 |    21 ||    31
  Use: Potion            |       |     6 |     2 |     7 ||    15
       Scroll            |       |       |       |    10 ||    10
 Stab: Paralysed         |       |     2 |    12 |       ||    14
Armor: Scale mail        |    62 |   127 |   107 |       ||   296
       Skin              |       |     4 |       |       ||     4
       Chain mail        |       |       |     8 |   237 ||   245
Dodge: Dodged            |    38 |   145 |   102 |   146 ||   431
Block: Buckler           |    31 |    67 |    50 |       ||   148
       Kite shield       |       |       |    24 |   254 ||   278

Table legend: (Time is in decaauts)
 A = Elapsed time spent in this place.
 B = Non-inter-level travel time spent in this place.
 C = Inter-level travel time spent in this place.
 D = Time resting spent in this place.
 E = Time spent auto-exploring this place.
 F = Levels seen in this place.
 G = Mean time per level.
                   A        B        C        D        E       F      G
               +--------+--------+--------+--------+--------+-----+--------+
         Total |   8510 |   7761 |    749 |   1218 |      0 |  13 |  654.6 |
       Dungeon |   7671 |   6933 |    738 |    908 |      0 |  10 |  767.1 |
        Temple |     93 |     83 |     10 |      0 |      0 |   1 |   93.0 |
  Orcish Mines |    745 |    745 |      0 |    310 |      0 |   2 |  372.5 |
               +--------+--------+--------+--------+--------+-----+--------+

Top non-repeatable levels by time:
     D:3: 1025 daAuts
     D:2: 990 daAuts
    D:10: 970 daAuts
     D:8: 911 daAuts
   Orc:1: 723 daAuts
     D:9: 720 daAuts
     D:5: 713 daAuts
     D:7: 697 daAuts
     D:4: 585 daAuts
     D:6: 534 daAuts
     D:1: 522 daAuts
  Temple: 93 daAuts
   Orc:2: 22 daAuts
